 Dungeon Crawl Stone Soup version 0.32-a0-768-g0f6f1dd4b9 (webtiles) character file.

Game seed: 4599667028563491648

3763 Griffin23 the Blocker (level 9, -8/83 HPs)
             Began as a Minotaur Fighter on Mar 18, 2024.
             Was a Follower of Okawaru.
             Mangled by a large slime creature (22 damage)
             ... on level 7 of the Dungeon.
             The game lasted 00:13:41 (8071 turns).

Griffin23 the Blocker (Minotaur Fighter)            Turns: 8071, Time: 00:13:41

Health: -8/83      AC: 18    Str: 26    XL:     9   Next: 94%
Magic:  8/8        EV:  4    Int:  5    God:    Okawaru [*.....]
Gold:   469        SH: 14    Dex:  9    Spells: 8/8 levels left

rFire   . . .        a - +0 long sword
rCold   . . .        e - +0 tower shield
rNeg    . . .        D - +0 plate armour
rPois   .            (helmet restricted)
rElec   .            (no cloak)
rCorr   .            t - +0 pair of gloves
SInv    .            G - +1 pair of boots {Stlth+}
Will    .....        (no amulet) Stlth
                     (no ring)
HPRegen 0.33/turn    (no ring)
MPRegen 0.11/turn

%: no passive effects
@: no status effects
A: horns 2, retaliatory headbutt
a: Renounce Religion, Heroism


You were on level 7 of the Dungeon.
You worshipped Okawaru.
Okawaru was aware of your devotion.
You visited 2 branches of the dungeon, and saw 8 of its levels.

You collected 469 gold pieces.

Inventory:

Hand Weapons
 a - a +0 long sword (weapon)
Missiles
 i - 2 throwing nets (quivered)
 z - 13 poisoned darts
Armour
 b - a +0 scale mail
 c - a +0 buckler
 e - a +0 tower shield (worn)
 t - a +0 pair of gloves (worn)
 x - a +1 chain mail of fire resistance
 D - a +0 plate armour (worn)
 G - a +1 pair of boots of stealth (worn)
Jewellery
 s - the ring of Cobeun {rElec rPois AC+4}
   (You found it on level 3 of the Dungeon)

   [ring of protection]

   AC+4:      It affects your AC (+4).
   rElec:     It insulates you from electricity.
   rPois:     It protects you from poison.
 E - an amulet of magic regeneration
 F - a ring of resist corrosion
Wands
 h - a wand of paralysis (6)
 y - a wand of iceblast (7)
 C - a wand of light (5)
Scrolls
 f - 2 scrolls of vulnerability
 g - 2 scrolls of identify
 q - a scroll of torment {unknown}
 u - a scroll of immolation {unknown}
 v - a scroll of enchant weapon {unknown}
 w - 2 scrolls of noise {unknown}
 B - a scroll of amnesia {unknown}
Potions
 d - 2 potions of might
 j - 2 potions of enlightenment {unknown}
 k - 2 potions of resistance {unknown}
 l - a potion of ambrosia {unknown}
 m - a potion of mutation {unknown}
 n - a potion of invisibility {unknown}
 o - 2 potions of attraction {unknown}
 p - 2 potions of cancellation {unknown}
 r - a potion of curing
 A - a potion of degeneration {unknown}


   Skills:
 + Level 9.3 Fighting
 * Level 8.9 Long Blades
 - Level 9.3 Armour
 - Level 9.3 Shields


You had 8 spell levels left.
You didn't know any spells.
Your spell library contained the following spells:

 Spells                   Type           Power      Damage    Failure   Level
 Mercury Vapours          Alch/Air       0%         N/A       100%        2
 Fugue of the Fallen      Necr           0%         N/A       100%        3
 Mephitic Cloud           Conj/Alch/Air  0%         N/A       100%        3
 Ozocubu's Armour         Ice            0%         N/A       100%        3
 Manifold Assault         Tloc           0%         N/A       100%        4
 Freezing Cloud           Conj/Ice/Air   0%         6-21      100%        5


Dungeon Overview and Level Annotations

Branches:
Dungeon (7/15)             Temple (1/1) D:6

Altars:
Ashenzari
Cheibriados
Dithmenos
Elyvilon
Fedhas
Gozag
Hepliaklqana
Kikubaaqudgha
Makhleb
Nemelex Xobeh
Okawaru
Qazlal
Ru
Sif Muna
Trog
Uskayaw
Wu Jian
Xom
Yredelemnul
Zin
The Shining One

Shops:
D:6 *


Innate Abilities, Weirdness & Mutations

You have a pair of horns on your head.
You reflexively headbutt those who attack you in melee.


Message History

Press: ? - help, Shift-Dir - straight line, f/p - very large slime creature
Aim: a very large slime creature (heavily wounded, 94% to hit)
The bolt of light hits the very large slime creature!
The very large slime creature is heavily wounded.
The bolt of light hits the steam dragon!
The steam dragon is severely wounded.
A very large slime creature splits.
Aiming: Bolt of Light
Press: ? - help, Shift-Dir - straight line, f/p - large slime creature
Aim: a large slime creature (heavily wounded, 94% to hit)
The bolt of light hits the large slime creature!
The large slime creature is severely wounded.
The bolt of light hits the steam dragon!
The steam dragon is almost dead.
An orc wizard comes into view. It is wielding a staff of fire.
The steam dragon breathes steam at you.
The ball of steam hits the large slime creature!
The ball of steam hits you!
The large slime creature is engulfed in a cloud of scalding steam.
The large slime creature hits you!! You block the slime creature's attack.
The orc wizard moves out of view.
You barely miss the large slime creature.
The large slime creature is severely wounded.
You are engulfed in a cloud of scalding steam.
The large slime creature is engulfed in a cloud of scalding steam.
You block the large slime creature's attack.
The slime creature is engulfed in a cloud of scalding steam.
You block the slime creature's attack.
The large slime creature is engulfed in a cloud of scalding steam.
The large slime creature hits you!
* * * LOW HITPOINT WARNING * * *
You hit the large slime creature.
You headbutt the large slime creature, but do no damage.
The large slime creature is almost dead.
You are engulfed in a cloud of scalding steam.
The slime creature is engulfed in a cloud of scalding steam.
You block the slime creature's attack.
The large slime creature is engulfed in a cloud of scalding steam.
The large slime creature hits you!!
You die...

.#.#.##..).#... #..##.#
...##)..#..'..# .o..##.#
.#.#.#....## ...#..##.###
##...#.....# ##..#..##..?#
..#.####'### ##..##..####.#
#..###.....## #.§.# ...# #.##
.###.......## D§.##^...####...
####..#...#..####J###.... #...##
#..#.....#..#.@J..#.#.####...##
.
#.#.._._..#.#§###.#........<.##
.'.....⌠.....§#...##.#.#.#######
.#.#.._._..#.#.###.#.#.#.#......
#..#.....#..#... #.#...#.#####
####..#...#..########.#..##.#
...##..#.#..##........#.....#
##.. #.....##..#..##....#####
..###'###..###....####


You could see a large slime creature, a slime creature and a steam dragon
(blind, unable to see you).

Vanquished Creatures
  An ugly thing (D:7)
  A vampire mosquito (D:7)
  Menkaure (D:4)
  Edmund (D:4)
  3 water moccasins (D:7)
  An orc warrior (D:7)
  2 sky beasts (D:7)
  A black bear (D:3)
  2 ice beasts
  An ogre (D:6)
  2 centaurs
  2 kobold brigands
  9 scorpions
  3 bullfrogs
  A gnoll sergeant (D:7)
  A howler monkey (D:7)
  4 hounds
  3 jellies
  3 orc priests
  3 sleepcaps
  A gnoll bouda (D:5)
  6 iguanas
  3 orc wizards
  4 gnolls (D:5)
  10 adders
  A shadow imp (D:5)
  6 ufetubi
  A dart slug (D:2)
  5 ribbon worms
  25 orcs
  2 bats
  7 endoplasms
  5 giant cockroaches
  5 goblins
  12 hobgoblins
  4 jackals
  11 kobolds
  3 quokkas
  5 ball pythons
  6 frilled lizards
  3 rats
170 creatures vanquished.

Notes
Turn   | Place    | Note
-------+----------+-------------------------------------------
     0 | D:1      | Griffin23 the Minotaur Fighter began the quest for the Orb.
     0 | D:1      | Reached XP level 1. HP: 19/19 MP: 0/0
    73 | D:1      | Reached XP level 2. HP: 27/27 MP: 1/1
   676 | D:2      | Reached XP level 3. HP: 33/33 MP: 2/2
  1040 | D:2      | Reached XP level 4. HP: 34/41 MP: 3/3
  2117 | D:3      | Identified the ring of Cobeun {rElec rPois AC+4}
  2559 | D:4      | Noticed a scorpion
  2559 | D:4      | Noticed a black bear
  2568 | D:3      | Reached XP level 5. HP: 37/47 MP: 4/4
  2611 | D:3      | Reached skill level 5 in Fighting
  2611 | D:3      | Reached skill level 5 in Armour
  2611 | D:3      | Reached skill level 5 in Shields
  2617 | D:3      | Killed a black bear
  2618 | D:3      | Reached XP level 6. HP: 24/56 MP: 5/5
  2882 | D:4      | Noticed Menkaure
  2888 | D:4      | Killed Menkaure
  2890 | D:4      | Reached skill level 5 in Long Blades
  2890 | D:4      | Reached XP level 7. HP: 62/62 MP: 6/6
  2961 | D:4      | Noticed Edmund
  2981 | D:4      | Killed Edmund
  3586 | D:5      | Entered Level 5 of the Dungeon
  3993 | D:5      | Reached XP level 8. HP: 71/71 MP: 7/7
  5102 | D:6      | Found a staircase to the Ecumenical Temple.
  5129 | D:6      | Found Sazxank's Assorted Antiques.
  5570 | Temple   | Entered the Ecumenical Temple
  5865 | Temple   | Became a worshipper of Warmaster Okawaru
  5951 | D:6      | Reached XP level 9. HP: 69/81 MP: 8/8
  6282 | D:7      | Reached * piety under Okawaru
  7053 | D:7      | HP: 3/82 [slime creature (6)]
  7492 | D:7      | Identified the +1 robe of Foolhardiness {Dex+6 SInv}
  7514 | D:7      | Noticed a green ugly thing
  7541 | D:7      | Killed a green ugly thing
  7554 | D:7      | Noticed a cyclops
  7620 | D:7      | HP: 1/83 [cyclops (16)]
  8037 | D:7      | Found a stormy altar of Qazlal.
  8047 | D:7      | Found an iron altar of Okawaru.
  8048 | D:7      | Found a hazy altar of Hepliaklqana.
  8048 | D:7      | Found a white marble altar of Elyvilon.
  8071 | D:7      | Mangled by a large slime creature

Illustrated notes

Levels and vault maps discovered:
D:1:      tarquinn_simple_flora_water_e, layout_loops_cross
D:2:      layout_basic
D:3:      layout_loops_ring, minmay_vboxes
D:4:      layout_cave_pools, uniq_edmund, uniq_menkaure
D:5:      layout_loops_ring, minmay_gold_behind_fungi
D:6:      layout_basic, minmay_temple_entry_mist, serial_shops, shop
D:7:      minmay_the_grid_octo_tiled_squarecenter [minmay_the_grid_octo_focus,
          minmay_the_grid_octo_shrine, minmay_the_grid_octo_chip,
          minmay_the_grid_octo_empty,
          minmay_the_grid_square_5x5_megaprize_crossed,
          minmay_the_grid_square_5x5_sharp_hourglass,
          minmay_the_grid_square_5x5_empty, minmay_the_grid_square_5x5_v,
          minmay_the_grid_square_5x5_shrine1], layout_basic
Temple:   mainiacjoe_temple_hex_bubbles

Skill      XL: |  1  2  3  4  5  6  7  8  9 |
---------------+----------------------------+-----
Fighting       | 4 5 6 7 9 |  9.3
Armour         | 4 5 6 7 9 |  9.3
Shields        | 4 5 6 8 9 |  9.3
Long Blades    | 3 4 5 6 7 8 |  8.9

Action                     |  1- 3 |  4- 6 |  7- 9 || total
---------------------------+-------+-------+-------++-------
  Melee: Long sword        |    92 |   116 |   497 ||   705
         Headbutt          |    14 |    20 |    98 ||   132
 Invoke: Heroism           |       |       |     4 ||     4
  Evoke: Wand              |       |       |     7 ||     7
    Use: Scroll            |       |       |     6 ||     6
         Potion            |       |       |     5 ||     5
 Armour: Scale mail        |    47 |   112 |    22 ||   181
         Chain mail        |       |       |   294 ||   294
         Plate armour      |       |       |   110 ||   110
  Dodge: Dodged            |    44 |    69 |   176 ||   289
  Block: Buckler           |    20 |    30 |   112 ||   162
         Tower shield      |       |       |   108 ||   108

Table legend: (Time is in decaauts)
 A = Elapsed time spent in this place.
 B = Non-inter-level travel time spent in this place.
 C = Inter-level travel time spent in this place.
 D = Time resting spent in this place.
 E = Time spent auto-exploring this place.
 F = Levels seen in this place.
 G = Mean time per level.
                   A        B        C        D        E       F      G
               +--------+--------+--------+--------+--------+-----+--------+
         Total |   8183 |   7622 |    561 |   1831 |   4300 |   8 | 1022.9 |
       Dungeon |   7858 |   7614 |    244 |   1831 |   4300 |   7 | 1122.6 |
        Temple |    325 |      8 |    317 |      0 |      0 |   1 |  325.0 |
               +--------+--------+--------+--------+--------+-----+--------+

Top non-repeatable levels by time:
     D:7: 1528 daAuts
     D:6: 1404 daAuts
     D:5: 1281 daAuts
     D:2: 1072 daAuts
     D:3: 1010 daAuts
     D:4: 879 daAuts
     D:1: 682 daAuts
  Temple: 325 daAuts
